 Dungeon Crawl Stone Soup version 0.20.1-1-g8b1a95d (webtiles) character file.

207 Zeege the Chiller (level 5, 0/28 HPs)
             Began as a Gargoyle Ice Elementalist on Nov 8, 2017.
             Slain by a slave (5 damage)
             ... led by Pikel
             ... on level 4 of the Dungeon.
             The game lasted 00:13:07 (2719 turns).

Zeege the Chiller (Gargoyle Ice Elementalist)       Turns: 2719, Time: 00:13:08

Health: 0/28       AC:  6    Str: 12    XL:     5   Next: 85%
Magic:  1/9        EV: 12    Int: 16    God:
Gold:   206        SH:  0    Dex: 10    Spells: 7/10 levels left

rFire    . . .     SeeInvis .   d - +0 dagger (venom)
rCold    . . .     Gourm    .   (no shield)
rNeg     + . .     Faith    .   a - +0 robe
rPois    ∞         Spirit   .   (no helmet)
rElec    +         Reflect  .   (no cloak)
rCorr    .         Harm     .   (no gloves)
MR       +....                  (no boots)
Stlth    ++........             (no amulet)
Regen    0.1/turn               u - ring of protection from magic
MPRegen  0.2/turn               (no ring)

@: no status effects
A: negative energy resistance 1, electricity resistance, unbreathing,
petrification resistance, rot immunity, AC +4
a: no special abilities


You were on level 4 of the Dungeon.
You were not hungry.

You visited 1 branch of the dungeon, and saw 4 of its levels.

You collected 206 gold pieces.

Inventory:

Hand Weapons
 d - a +0 dagger of venom (weapon)
Missiles
 e - 86 stones (quivered)
Armour
 a - a +0 robe (worn)
Jewellery
 u - a ring of protection from magic (left hand)
 y - a +2 ring of evasion {unknown}
Wands
 w - a wand of disintegration (14/24)
Scrolls
 f - a scroll of fog {unknown}
 l - 2 scrolls of identify
 p - 2 scrolls of enchant armour {unknown}
 q - a scroll of immolation {unknown}
 r - a scroll of magic mapping {unknown}
 t - a scroll of blinking {unknown}
 v - a scroll of teleportation {unknown}
 x - a scroll of noise {unknown}
Potions
 g - a potion of ambrosia {unknown}
 h - a potion of heal wounds {unknown}
 j - a potion of brilliance
 m - a potion of lignification {unknown}
 n - 2 potions of curing {unknown}
 o - a potion of mutation {unknown}
Books
 b - a book of Frost

   Spells                             Type                      Level
   a - Freeze                         Ice                          1
   b - Throw Frost                    Conjuration/Ice              2
   c - Ozocubu's Armour               Charms/Ice                   3
   d - Throw Icicle                   Conjuration/Ice              4
   e - Summon Ice Beast               Ice/Summoning                4
Comestibles
 c - 2 bread rations
 i - 3 royal jellies
 k - 3 fruits
 s - a meat ration


   Skills:
 + Level 0.4 Fighting
 + Level 1.5 Short Blades
 + Level 2.1 Dodging
 + Level 3.1 Stealth
 + Level 3.0 Spellcasting
 + Level 2.1 Conjurations
 + Level 4.1 Ice Magic


You had 7 spell levels left.
You knew the following spells:

 Your Spells              Type           Power        Failure   Level  Hunger
a - Freeze                Ice            ###.         3%          1    #......
b - Throw Frost           Conj/Ice       ##....       8%          2    ##.....


Dungeon Overview and Level Annotations

Branches:
Dungeon (4/15)
 Temple: D:4-7

Altars:
Gozag
Nemelex Xobeh
Ru
Zin

Annotations:
D:4 Pikel


Innate Abilities, Weirdness & Mutations

You are resistant to torment.
Your stone body is resilient. (AC +4)
You are immune to poison.
You resist negative energy. (rN+)
You are resistant to electric shocks. (rElec)
You can survive without breathing.
You are immune to petrification.
You are immune to rotting.


Message History

Aim: Pikel, wielding a whip of flaming and wearing a robe (moderately wounded, poisoned)
The puff of frost hits Pikel.
Pikel is moderately wounded.
The slave hits you but does no damage. Pikel hits you with a whip of flaming.
Pikel burns you.
* * * LOW HITPOINT WARNING * * *
Casting: Throw Frost
Confirm with . or Enter, or press ? or * to list all spells.
Aiming: Freeze
Press: ? - help, Shift-Dir - straight line, f/p - Pikel
Aim: Pikel, wielding a whip of flaming and wearing a robe (heavily wounded, poisoned)
You freeze Pikel.
Pikel is heavily wounded.
Pikel hits you with a whip of flaming.
* * * LOW HITPOINT WARNING * * *
Pikel burns you.
* * * LOW HITPOINT WARNING * * *
A frilled lizard comes into view.
The slave hits you.
You die...

############
#..........#
#..........# # #
#..........# ... .
#.........)####..# #
#....<..pp.#....# #
#......@.K.pp# .
.............†.......
##...................
##...............%..
##.................
#...(...........(.
..............?..>#
l#..............#.#
....... #


You could see Pikel, 4 slaves and a frilled lizard (sleeping).

Vanquished Creatures
  An ogre (D:4)
  A worker ant (D:4)
  Robin (D:2)
  2 adders (D:2)
  A worm (D:2)
  2 dart slugs (D:3)
  3 leopard geckos (D:1)
  3 giant cockroaches
  11 goblins
  8 hobgoblins
  2 quokkas
  A ball python (D:1)
  9 bats
  5 frilled lizards
  6 kobolds
  5 rats
61 creatures vanquished.

Notes
Turn   | Place    | Note
-------+----------+-------------------------------------------
     0 | D:1      | Zeege the Gargoyle Ice Elementalist began the quest for the Orb.
     0 | D:1      | Reached XP level 1. HP: 10/10 MP: 3/3
     7 | D:1      | Noticed a polar bear
   176 | D:1      | Reached XP level 2. HP: 15/15 MP: 5/5
   484 | D:1      | Reached XP level 3. HP: 19/19 MP: 4/6
   651 | D:2      | Learned a level 2 spell: Throw Frost
   717 | D:2      | Found a sparkling altar of Nemelex Xobeh.
  1064 | D:2      | Found a sacrificial altar of Ru.
  1073 | D:2      | Noticed Robin
  1079 | D:2      | Reached XP level 4. HP: 21/24 MP: 3/7
  1101 | D:2      | Killed Robin
  2022 | D:3      | Found an opulent altar of Gozag.
  2023 | D:3      | Found a glowing silver altar of Zin.
  2451 | D:4      | Reached skill level 1 in Short Blades
  2451 | D:4      | Reached skill level 4 in Ice Magic
  2451 | D:4      | Reached XP level 5. HP: 28/28 MP: 9/9
  2463 | D:4      | Noticed an ogre
  2464 | D:4      | Noticed Pikel
  2464 | D:4      | Noticed a slave
  2464 | D:4      | Noticed a slave
  2486 | D:4      | Killed an ogre
  2708 | D:4      | Noticed a slave
  2708 | D:4      | Noticed a slave
  2719 | D:4      | Slain by a slave

Skill      XL: |  1  2  3  4  5 |
---------------+----------------+-----
Dodging        | 2 |  2.1
Short Blades   | 1 |  1.5
Ice Magic      | 4 |  4.1
Stealth        | 3 |  3.1
Spellcasting   | 3 |  3.0
Conjurations   | 2 |  2.1
Fighting       | |  0.4

Action                   |  1- 3 |  4- 6 || total
-------------------------+-------+-------++-------
Melee: Dagger            |    43 |    46 ||    89
 Cast: Freeze            |    30 |     3 ||    33
       Throw Frost       |    11 |    23 ||    34
  Use: Scroll            |     1 |       ||     1
 Stab: Sleeping          |     3 |     2 ||     5
  Eat: Chunk             |     2 |     6 ||     8
Armor: Robe              |    21 |    19 ||    40
Dodge: Dodged            |    56 |    30 ||    86
